AoeStats
← TioMg100

Fortress

509683720Analyzed
4v4 RM · 5d ago on Sep 27, 2026· 58m 14s· 8 players
Game mode
Random Map
Map size
Huge
Population
200
Speed
Normal
Resources
Standard
Victory
Conquest
Starting age
Dark Age
Ending age
Imperial Age
RankedLock teamsTeams togetherTeam positionsShared explorationLock speedFull tech treeHidden civsTurbo modeCheats
Victory
Defeat
🇧🇷 Spanish · Brazil
1345
+6
🇧🇷 Burgundians · Brazil
1146
+13
🇧🇷 Franks · Brazil
1087
+15
🇧🇷 Varangians · Brazil
843
+23
🇷🇴 Lithuanians · Romania
1096
-15
🇨🇱 Teutons · Chile
1085
-15
🇹🇷 Inca · Türkiye
1069
-14
🇨🇳 Ethiopians · China
1031
-13
dark_alex
7:52 Feudal Age
11:27 Castle Age
9:15 Loom
9:54 Double-Bit Axe
12:31 Bow Saw
11:50 Light Cavalry
14:31 Horse Collar
16:00 Scale Barding Armor
18:46 Bloodlines
19:44 Husbandry
19:42 Stone Mining
20:35 Gold Mining
21:48 Wheelbarrow
23:31 Stone Shaft Mining
25:08 Chain Barding Armor
25:13 Forging
25:48 Town Watch
29:28 Iron Casting
33:57 Imperial Age
33:56 Fletching
34:07 Elite Skirmisher
35:23 Plate Barding Armor
35:08 Padded Archer Armor
35:52 Bodkin Arrow
36:43 Ballistics
37:44 Chemistry
37:25 Bracer
38:01 Conscription
38:35 Leather Archer Armor
40:23 Ring Archer Armor
44:56 Thumb Ring
45:31 Murder Holes
45:46 Masonry
48:01 Elite Leitis
LAO TSE1992
1:36 Loom
6:52 Feudal Age
7:43 Double-Bit Axe
8:43 Wheelbarrow
7:50 Horse Collar
11:27 Town Watch
15:53 Castle Age
14:30 Stone Mining
14:33 Gold Mining
17:19 Hand Cart
17:25 Bow Saw
18:14 Bloodlines
31:52 Imperial Age
29:04 Pikeman
29:44 Squires
29:30 Arson
29:30 Gambesons
30:33 Stone Shaft Mining
30:00 Town Patrol
31:46 Forging
31:37 Scale Mail Armor
31:42 Scale Barding Armor
31:42 Caravan
33:20 Conscription
33:21 Ironclad
34:40 Crenellations
34:13 Capped Ram
35:54 Halberdier
40:17 Iron Casting
39:57 Chain Mail Armor
40:03 Chain Barding Armor
39:56 Heavy Plow
41:34 Chemistry
40:42 Siege Engineers
42:31 Chemistry
41:53 Ballistics
43:42 Elite Teutonic Knight
46:40 Blast Furnace
46:11 Plate Mail Armor
46:17 Plate Barding Armor
45:10 Man-at-Arms
46:40 Cavalier
47:54 Paladin
49:17 Long Swordsman
50:14 Two-Handed Swordsman
54:33 Champion
w
8:09 Feudal Age
12:01 Castle Age
9:47 Loom
9:49 Horse Collar
10:00 Double-Bit Axe
10:47 Gold Mining
13:25 Bow Saw
18:00 Heavy Plow
18:28 Scale Mail Armor
18:54 Squires
22:56 Wheelbarrow
24:38 Crossbowman
29:24 Imperial Age
28:05 Fletching
28:18 Padded Archer Armor
30:32 Conscription
32:19 Heavy Camel Rider
33:13 Scale Barding Armor
35:07 Forging
35:58 Chain Barding Armor
36:56 Iron Casting
37:31 Royal Heirs
37:56 Husbandry
40:08 Gold Shaft Mining
39:25 Stone Mining
39:51 Fortified Wall
40:41 Chemistry
40:05 Ballistics
40:47 Blast Furnace
39:43 Bodkin Arrow
41:10 Halberdier
42:05 Bracer
43:59 Thumb Ring
44:25 Caravan
44:29 Arson
45:07 Hand Cart
45:02 Light Cavalry
46:01 Leather Archer Armor
46:09 Arbalester
48:06 Ring Archer Armor
48:33 Chain Mail Armor
50:11 Plate Mail Armor
Jewish MasterMind
7:42 Feudal Age
13:53 Castle Age
12:07 Scale Mail Armor
12:19 Forging
12:14 Double-Bit Axe
12:12 Horse Collar
12:24 Gold Mining
12:44 Arson
16:29 Iron Casting
16:06 Town Watch
20:16 Chain Mail Armor
22:14 Gold Shaft Mining
21:42 Heavy Plow
22:17 Squires
23:22 Wheelbarrow
22:34 Loom
25:59 Town Watch
26:58 Bow Saw
26:41 Stone Mining
26:43 Fletching
32:17 Imperial Age
29:45 Bodkin Arrow
29:59 Elite Skirmisher
30:45 Thumb Ring
31:01 Padded Archer Armor
32:08 Thumb Ring
32:51 Stone Shaft Mining
32:38 Leather Archer Armor
33:30 Town Patrol
33:56 Fortified Wall
34:32 Bracer
35:03 Ring Archer Armor
34:56 Caravan
35:45 Crop Rotation
36:33 Chemistry
36:04 Conscription
35:47 Fabric Shields
36:45 Murder Holes
38:33 Ballistics
39:14 Andean Sling
39:59 Hand Cart
42:41 Treadmill Crane
45:04 Masonry
47:01 Hoardings
52:57 Champi Runner
53:03 Champi Runner
53:36 Champi Warrior
Will Rossi
7:24 Feudal Age
9:23 Bloodlines
9:18 Double-Bit Axe
11:52 Horse Collar
16:36 Castle Age
15:18 Forging
17:17 Vendel Legacy
20:22 Scale Barding Armor
22:39 Loom
24:26 Husbandry
29:11 Chain Barding Armor
35:32 Imperial Age
34:12 Ballistics
36:47 Elite Jarl
44:10 Cavalier
47:10 Iron Casting
46:56 Caravan
52:11 Plate Barding Armor
54:19 Blast Furnace
53:06 Capped Ram
Revontheus
7:29 Feudal Age
8:53 Double-Bit Axe
12:51 Castle Age
10:48 Horse Collar
13:51 Bow Saw
13:42 Heavy Plow
16:52 Wheelbarrow
19:05 Padded Archer Armor
19:43 Loom
20:45 Bloodlines
20:52 Leather Archer Armor
21:14 Gold Mining
26:43 Imperial Age
25:37 Husbandry
26:29 Caravan
27:08 Stone Mining
27:56 Conscription
29:13 Chemistry
29:36 Ring Archer Armor
28:58 Fletching
29:14 Scale Barding Armor
28:45 Elite Conquistador
29:41 Masonry
30:19 Guilds
30:44 Ballistics
31:53 Two-Man Saw
34:20 Supremacy
33:29 Light Cavalry
34:07 Bodkin Arrow
34:23 Forging
36:38 Chain Barding Armor
36:54 Iron Casting
36:19 Bracer
36:53 Architecture
38:01 Capped Ram
39:25 Coinage
39:16 Hand Cart
38:48 Town Watch
39:10 Cavalier
39:12 Hussar
41:27 Bombard Tower
42:49 Inquisition
44:44 Banking
46:05 Sanctity
45:57 Fervor
50:23 Block Printing
51:00 Plate Barding Armor
51:26 Blast Furnace
53:25 Paladin
54:07 Scale Mail Armor
54:15 Thumb Ring
55:13 Illumination
55:32 Theocracy
56:05 Hoardings
56:14 Redemption
56:10 Herbal Medicine
TioMg100
6:30 Feudal Age
7:44 Horse Collar
7:56 Double-Bit Axe
9:34 Bow Saw
11:41 Loom
16:25 Castle Age
17:49 Burgundian Vineyards
18:27 Heavy Plow
26:02 Forging
25:58 Scale Barding Armor
28:33 Chain Barding Armor
31:12 Wheelbarrow
32:09 Husbandry
35:53 Hand Cart
35:39 Gold Mining
39:51 Imperial Age
37:40 Man-at-Arms
38:21 Squires
38:06 Arson
38:59 Iron Casting
38:24 Scale Mail Armor
38:12 Town Watch
39:36 Caravan
39:16 Long Swordsman
41:11 Two-Man Saw
40:43 Crop Rotation
40:51 Gold Shaft Mining
40:09 Stone Mining
40:51 Chain Mail Armor
41:37 Blast Furnace
41:13 Plate Barding Armor
40:01 Two-Handed Swordsman
40:50 Town Patrol
40:59 Champion
42:02 Conscription
43:13 Plate Mail Armor
43:48 Elite Coustillier
51:54 Masonry
51:55 Fortified Wall
52:06 Ballistics
52:48 Chemistry
51:30 Treadmill Crane
55:25 Flemish Revolution
55:40 Flemish Revolution
56:47 Spies/Treason
Raposao_SP
7:15 Feudal Age
10:51 Castle Age
9:57 Double-Bit Axe
10:38 Loom
19:05 Bow Saw
19:26 Forging
20:51 Husbandry
24:00 Iron Casting
26:32 Scale Barding Armor
26:32 Gold Mining
28:36 Wheelbarrow
29:34 Scale Mail Armor
30:06 Hand Cart
32:33 Chain Barding Armor
33:01 Gold Shaft Mining
33:51 Town Watch
36:37 Imperial Age
37:19 Town Patrol
38:23 Chemistry
37:03 Pikeman
38:44 Blast Furnace
37:50 Cavalier
38:55 Conscription
39:52 Plate Barding Armor
39:26 Halberdier
40:22 Chain Mail Armor
39:51 Paladin
43:13 Heavy Scorpion
46:30 Plate Mail Armor
53:55 Caravan
57:25 Chivalry
57:19 Fletching
57:30 Padded Archer Armor
Connection lost

Rejoining the realm…

Still unreachable

The connection could not be restored.

Session expired

The server has moved on; the page needs a fresh start.